 Dungeon Crawl Stone Soup version 0.29.1-2-gbd0b4ee654 (webtiles) character file.

Game seed: 4959543035725725698

31 jamesblauser the Sneak (level 3, -3/27 HPs)
             Began as a Vampire Brigand on Nov 8, 2022.
             Frozen to death by an endoplasm (5 damage)
             ... on level 3 of the Dungeon.
             The game lasted 00:05:41 (538 turns).

jamesblauser the Sneak (Vampire Brigand)             Turns: 538, Time: 00:05:42

Health: -3/27      AC:  3    Str: 10    XL:     3   Next: 7%
Magic:  3/3        EV: 12    Int: 13    God:
Gold:   56         SH:  0    Dex: 17    Spells: 2/2 levels left

rFire   . . .      SeeInvis +   a - +2 dagger
rCold   . . .      Faith    .   (no shield)
rNeg    . . .      Spirit   .   b - +0 robe
rPois   .          Reflect  .   (no helmet)
rElec   .          Harm     .   c - +0 cloak
rCorr   .          Rampage  .   (no gloves)
Will    .....                   (no boots)
Stlth   ++++......              (no amulet)
HPRegen 0.29/turn               (no ring)
MPRegen 0.08/turn               (no ring)

@: lethally poisoned (-3 -> -4), healing quickly
A: alive, fangs 3, see invisible, vampiric 2
a: Exsanguinate


You were on level 3 of the Dungeon.
You visited 1 branch of the dungeon, and saw 3 of its levels.

You collected 56 gold pieces.

Inventory:

Hand Weapons
 a - a +2 dagger (weapon)
Missiles
 d - 8 poisoned darts (quivered)
 e - 3 curare-tipped darts
Armour
 b - a +0 robe (worn)
 c - a +0 cloak (worn)


   Skills:
 + Level 2.0 Fighting
 + Level 2.2 Short Blades
 + Level 1.9 Throwing
 + Level 1.4 Dodging
 + Level 6.8 Stealth


You had 2 spell levels left.
You didn't know any spells.
Your spell library was empty.

Dungeon Overview and Level Annotations

Branches:
Dungeon (3/15)

Altars:

Shops:
D:3 =


Innate Abilities, Weirdness & Mutations

Your natural rate of healing is accelerated.
You have razor-sharp teeth.
You have supernaturally acute eyesight. (SInv)
You are afflicted with vampirism and can become a bat while bloodless.


Message History

You kill the rat!
Found Dukhlont's Jewellery Shop.
The bat hits you but does no damage.
You miss the bat. You bite the bat.
The bat is severely wounded.
The bat hits you but does no damage. The bat misses you.
You closely miss the bat.
The bat is severely wounded.
The bat hits you.
An endoplasm comes into view.
The bat hits you but does no damage. The bat closely misses you.
You hit the bat.
You kill the bat!
The endoplasm quivers.
An adder comes into view. 2 hobgoblins come into view.
The hobgoblin shouts!
The endoplasm freezes you.
You are frozen.
Found a bubbling white potion.
The endoplasm hits you. The endoplasm closely misses you.
The endoplasm attacks as you move away! The endoplasm hits you.
The endoplasm attacks as you move away! The endoplasm barely misses you.
The hobgoblin shouts!
The adder bites you but does no damage. The adder bites you but does no damage.
The adder closely misses you. The adder attacks as you move away!
The adder bites you.
* * * LOW HITPOINT WARNING * * *
You are poisoned.
The adder poisons you!
You feel sick. The hobgoblin closely misses you.
You see here a bubbling white potion.
The adder attacks as you move away! The adder barely misses you.
You feel sick.
You feel sick. The adder bites you but does no damage. The adder bites you.
* * * LOW HITPOINT WARNING * * *
The endoplasm freezes you.
You are frozen.
* * * LOW HITPOINT WARNING * * *
The adder attacks as you move away! The adder barely misses you.
You feel sick. The endoplasm freezes you.
You are frozen.
You die...

............♣##
...........♣.∩.♣
.............♣..
...............
...............
#####...........#
................#
....^..gJ!......#
.......@Sg......#
.......##########
....... .......
....... .......
#######


You could see an adder, an endoplasm and 2 hobgoblins.

Vanquished Creatures
  An adder (D:2)
  3 bats
  5 endoplasms (D:1)
  4 quokkas
  2 ball pythons (D:1)
  A frilled lizard (D:1)
  A goblin (D:2)
  6 rats
23 creatures vanquished.

Notes
Turn   | Place    | Note
-------+----------+-------------------------------------------
     0 | D:1      | jamesblauser the Vampire Brigand began the quest for the
                  | Orb.
     0 | D:1      | Reached XP level 1. HP: 16/16 MP: 1/1
     6 | D:1      | Noticed a lindwurm
     6 | D:1      | Noticed a polar bear
     6 | D:1      | Noticed a black mamba
     7 | D:1      | Noticed a hound
     7 | D:1      | Noticed a redback
    30 | D:1      | Reached skill level 6 in Stealth
    44 | D:1      | Found a faded altar of an unknown god.
   152 | D:1      | Reached XP level 2. HP: 22/22 MP: 2/2
   508 | D:2      | Gained mutation: You are afflicted with vampirism and can
                  | become a bat while bloodless. [Vampire growth]
   508 | D:2      | Reached XP level 3. HP: 12/27 MP: 3/3
   519 | D:3      | Found Dukhlont's Jewellery Shop.
   538 | D:3      | Frozen to death by an endoplasm

Illustrated notes

Levels and vault maps discovered:
D:1:      onia_arrival_zoo_common, layout_basic,
          hellmonk_ecumenical_altar_arch_garden, minmay_misc_feat_ornament
D:2:      layout_rooms, basic_altar
D:3:      layout_basic, serial_shops, nicolae_shop_trees,
          chequers_serial_rivers_micro_d, st_stairs_8, moated_statue,
          uniq_sigmund

Skill      XL: |  1  2 |
---------------+-------+-----
Stealth        | 6 |  6.8
Fighting       | 2 |  2.0
Short Blades   | |  2.2
Throwing       | |  1.9
Dodging        | |  1.4

Action                   || total
-------------------------++-------
Melee: Dagger            ||    39
       Bite              ||     4
Throw: Dart              ||    32
  Use: Scroll            ||     1
Armor: Robe              ||    39
Dodge: Dodged            ||    83
